 Dungeon Crawl Stone Soup version 0.31.0-11-ge490571c62 (webtiles) character file.

Game seed: 9258301215674115197

28044 Sobieck the Warrior (level 13, -11/151 (152) HPs)
             Began as an Oni Warper on Jan 29, 2024.
             Was an Initiate of Gozag.
             Killed from afar by a kobold blastminer (31 damage)
             ... with an iron shot
             ... on level 2 of the Orcish Mines.
             The game lasted 00:35:24 (15742 turns).

Sobieck the Warrior (Oni Warper)                   Turns: 15742, Time: 00:35:25

HP:   -11/151 (152) AC:  7    Str: 18    XL:     13   Next: 36%
MP:   16/16         EV: 11    Int: 17    God:    Gozag
Gold: 2364          SH:  0    Dex:  8    Spells: 6/16 levels left

rFire   . . .        b - +1 giant spiked club (venom)
rCold   + . .        (shield currently unavailable)
rNeg    . . .        I - +1 robe {rC+}
rPois   +            (helmet restricted)
rElec   .            l - +2 cloak
rCorr   +            (gloves unavailable)
SInv    +            (boots unavailable)
Will    ++...        r - amulet of regeneration
Stlth   +            m - ring of willpower
HPRegen 1.25/turn    S - ring of Coronation {rPois rCorr Str-4 Int+3 SInv}
MPRegen 0.15/turn

%: no passive effects
@: gold aura, lightly drained
A: large, unfitting armour, horns 1, tough skin 1, double potion healing,
drunken brawling
a: Renounce Religion, Potion Petition, Call Merchant, Bribe Branch


You were on level 2 of the Orcish Mines.
You worshipped Gozag.
Gozag was most pleased with you.
You visited 3 branches of the dungeon, and saw 15 of its levels.
You also visited: Bailey.

You collected 3418 gold pieces.
You paid 1054 gold pieces to Gozag.

Inventory:

Hand Weapons
 a - the +5 woodcutter's axe
   (You took it off a gnoll on level 4 of the Dungeon)
 b - a +1 giant spiked club of venom (weapon)
 h - the +7 Spriggan's Knife {stab, EV+4 Stlth+}
   (You found it in a bailey)

   Stab:      It is more effective when stabbing unaware enemies, sometimes
   treating them as though they were completely helpless.
   EV+4:      It affects your evasion (+4).
   Stlth+:    It makes you more stealthy.
 i - a +0 mace
 u - a +0 giant club
 x - a +3 quarterstaff of chaos
 C - a +0 mace of protection
Missiles
 j - 72 stones
 k - 11 poisoned darts
 t - 13 boomerangs
 w - 19 large rocks
 F - a curare-tipped dart
 K - 7 darts of dispersal
Armour
 c - a +0 robe
 l - a +2 cloak (worn)
 I - a +1 robe of cold resistance (worn)
Magical Staves
 G - a staff of earth
Jewellery
 m - a ring of willpower (left hand)
 n - a +6 ring of dexterity
 o - a ring of poison resistance
 r - an amulet of regeneration (around neck)
 B - the necklace of Bloodlust {Fury *Rage Will++ Int-3 Slay+6}
   (You found it on level 6 of the Dungeon)

   [amulet of nothing]

   Fury:      It extends the wearer's berserk rage when killing foes.
   Int-3:     It affects your intelligence (-3).
   Slay+6:    It affects your accuracy & damage with ranged weapons and melee
   (+6).
   Will++:    It greatly increases your willpower.
   *Rage:     It berserks you when you make melee attacks (+50% chance).
 L - an amulet of magic regeneration
 M - a ring of ice
 S - the ring of Coronation (right hand) {rPois rCorr Str-4 Int+3 SInv}
   (You found it on level 10 of the Dungeon)

   [ring of poison resistance]

   Str-4:     It affects your strength (-4).
   Int+3:     It affects your intelligence (+3).
   rPois:     It protects you from poison SInv: It lets you see invisible.
   rCorr:     It protects you from acid and corrosion.
 W - the ring of Aptig {rC+ Will- EV+5 Str+3 Dex+3}
   (You found it on level 11 of the Dungeon)

   [ring of evasion]

   EV+5:      It affects your evasion (+5).
   Str+3:     It affects your strength (+3).
   Dex+3:     It affects your dexterity (+3).
   rC+:       It protects you from cold.
   Will-:     It decreases your willpower.
 X - a ring of flight
Wands
 q - a wand of mindburst (28)
 s - a wand of quicksilver (17)
 D - a wand of digging (2)
 E - a wand of charming (6)
 J - a wand of polymorph (7)
 V - a wand of flame (7)
Scrolls
 d - 3 scrolls of poison
 e - 3 scrolls of immolation
 f - 7 scrolls of vulnerability
 g - 3 scrolls of fear
 y - 2 scrolls of blinking
 H - a scroll of enchant armour
 P - 3 scrolls of fog {unknown}
 R - a scroll of identify
 T - 5 scrolls of teleportation
Potions
 p - 2 potions of magic
 v - a potion of brilliance
 z - a potion of mutation
 A - a potion of attraction
 N - 2 potions of might
 O - a potion of lignification {unknown}
 Q - 2 potions of curing
 U - a potion of berserk rage {unknown}


   Skills:
 + Level 16.0 Fighting
 + Level 12.6 Maces & Flails
 - Level 1.0 Throwing
 + Level 6.2 Dodging
 - Level 2.4 Spellcasting
 - Level 10.0 Translocations
 - Level 4.0 Air Magic
 + Level 5.1 Evocations


You had 6 spell levels left.
You knew the following spells:

 Your Spells              Type           Power      Damage    Failure   Level
a - Lesser Beckoning      Tloc           72%        N/A       1%          2
b - Manifold Assault      Tloc           36%        N/A       3%          4
c - Vhi's Electric Charg  Tloc/Air       50%        N/A       11%         4

Your spell library contained the following spells:

 Spells                   Type           Power      Damage    Failure   Level
 Blink                    Tloc           72%        N/A       1%          2
 Teleport Other           Tloc           36%        N/A       1%          3
 Mercury Vapours          Alch/Air       16%        N/A       12%         2
 Cigotuvi's Dreadful Rot  Necr/Alch/Air  12%        N/A       16%         2
 Slow                     Hex            8%         N/A       19%         1
 Sting                    Conj/Alch      8%         1d3       19%         1
 Dimensional Bullseye     Hex/Tloc       9%         N/A       24%         4
 Call Canine Familiar     Summ           2%         N/A       50%         3
 Confusing Touch          Hex            2%         N/A       50%         3
 Sigil of Binding         Hex            2%         N/A       50%         3
 Summon Ice Beast         Ice/Summ       2%         N/A       50%         3
 Vampiric Draining        Necr           2%         2d6       50%         3
 Dispel Undead            Necr           2%         3d7       88%         4
 Leda's Liquefaction      Alch/Erth      1%         N/A       88%         4
 Martyr's Knell           Necr/Summ      2%         N/A       88%         4
 Olgreb's Toxic Radiance  Alch           2%         N/A       88%         4
 Lee's Rapid Deconstruct  Erth           1%         3d4*      99%         5
 Summon Mana Viper        Hex/Summ       2%         N/A       99%         5
 Bombard                  Conj/Erth      1%         9d1       100%        6
 Death Channel            Necr           1%         N/A       100%        6
 Sculpt Simulacrum        Ice/Alch       1%         N/A       100%        6
 Haunt                    Necr/Summ      1%         N/A       100%        7
 Monstrous Menagerie      Summ           1%         N/A       100%        7
 Ozocubu's Refrigeration  Ice            1%         4d7       100%        7
 Borgnjor's Revivificati  Necr           1%         N/A       100%        8
 Death's Door             Necr           1%         N/A       100%        9
 Polar Vortex             Ice            1%         N/A       100%        9


Dungeon Overview and Level Annotations

Branches:
Dungeon (12/15)            Temple (1/1) D:5            Lair (0/5) D:8
    Orc (2/2) D:12            Elf (0/3) Orc:2        Bailey (visited)

Altars:
Ashenzari
Cheibriados
Dithmenos
Elyvilon
Fedhas
Gozag
Hepliaklqana
Kikubaaqudgha
Makhleb
Nemelex Xobeh
Okawaru
Qazlal
Ru
Sif Muna
Trog
Uskayaw
Vehumet
Wu Jian
Xom
Yredelemnul
Zin
The Shining One

Shops:
D:2 [   D:8 ?   Orc:2 *:

Annotations:
D:5 3 runed translucent doors, scisormetimb3rs's ghost, novice GrFi
Orc:2 2 transporters, mdonais's ghost, journeyman OpWn


Innate Abilities, Weirdness & Mutations

You are too large for most types of armour.
You have a pair of small horns on your head.
You have tough skin. (AC +1)
You gain doubled healing and magic from potions.
Whenever you drink a healing potion, you attack all around you.


Message History

Unknown command.
Unknown command.
You hit the kobold blastminer.
The kobold blastminer is poisoned.
Your headbutt misses the kobold blastminer.
The kobold blastminer is lightly wounded.
The ogre closely misses you. The kobold blastminer hits you.
* * * LOW HITPOINT WARNING * * *
Unknown command.
You hit the ogre.
The ogre is poisoned.
You headbutt the ogre.
The ogre is lightly wounded.
The kobold blastminer hits you!
* * * LOW HITPOINT WARNING * * *
Unknown command.
You miss the kobold blastminer.
Your headbutt misses the kobold blastminer.
The kobold blastminer is lightly wounded.
The ogre hits you with a +0 giant club!!
* * * LOW HITPOINT WARNING * * *
The kobold blastminer misses you.
Unknown command.
You barely miss the kobold blastminer.
Your headbutt misses the kobold blastminer.
The kobold blastminer is lightly wounded.
The kobold blastminer hits you!
* * * LOW HITPOINT WARNING * * *
The ogre barely misses you.
The kobold blastminer's cannon shakes and flares with a red glow.
You spit the ogre like a pig!!!
You kill the ogre!
The kobold blastminer hits you.
* * * LOW HITPOINT WARNING * * *
The kobold blastminer wields a +0 arbalest.
The kobold blastminer shoots a bolt.
The bolt hits you!
* * * LOW HITPOINT WARNING * * *
Unknown command.
Okay, then.
The kobold blastminer misses you.
The kobold blastminer unwields a +0 arbalest.
The kobold blastminer hits you.
* * * LOW HITPOINT WARNING * * *
Things that are here:
15 gold pieces; a +0 giant club Unknown command.
Unknown command.
You hit the kobold blastminer but do no damage.
Your headbutt misses the kobold blastminer.
The kobold blastminer blasts its cannon at you.
The iron shot hits you!!
You die...
Your body crumbles into a pile of gold.

.......## ###.#.#......#
#####...## #...##........ #
###..# #########.####.#.....
##.####......#...##......#.
#..##..####.....##...[.##.
##.#...#._#....####....###
#.##..#..#...###.....## #
#.....#.K#....#.......##
#.....#K@#.........#...#
#.....##'#....#.......##
#.#..............#....#
#....................##
#.............#....###
#.............##..##
##.................#
###..................##
#+++##...............[.....###


You could see 2 kobold blastminers.

Vanquished Creatures
  Fannar (D:10)
  A catoblepas (D:11)
  A centaur warrior (D:11)
  A boulder beetle (D:11)
  5 two-headed ogres
  An obsidian statue (D:10)
  2 orc knights
  An ugly thing (D:12)
  An orc sorcerer (Orc:2)
  4 cyclopes (D:11)
  A manticore (D:11)
  A meliai (D:11)
  A kobold blastminer (Orc:1)
  Jeremiah (D:6)
  An unseen horror (D:10)
  A yaktaur (D:10)
  A komodo dragon (D:10)
  A tengu conjurer (D:11)
  4 trolls
  A wraith (D:11)
  A vampire (D:11)
  A shadow (D:11)
  2 wyverns
  27 yaks
  2 steam dragons
  3 wargs
  2 water moccasins
  29 orc warriors
  A sky beast (D:8)
  3 ogres
  A wolf (D:12)
  A centaur (D:9)
  A phantom (D:4)
  6 bullfrogs
  3 kobold brigands
  2 scorpions (D:5)
  25 killer bees
  3 electric eels (D:11)
  5 howler monkeys
  A jelly (D:3)
  3 hounds
  3 bombardier beetles
  2 gnoll boudas
  15 orc priests
  3 sleepcaps
  Crazy Yiuf (D:2)
  18 orc wizards
  Robin (D:1)
  3 adders
  11 gnolls
  2 shadow imps (D:5)
  2 white imps (D:8)
  6 dart slugs
  4 ribbon worms
  76 orcs
  12 ball pythons
  9 endoplasms
  3 giant cockroaches
  18 goblins
  16 hobgoblins
  5 jackals
  21 kobolds
  3 quokkas
  3 bats
  3 frilled lizards
  10 rats
403 creatures vanquished.

Vanquished Creatures (others)
  An orc wizard (Orc:1)
  An endoplasm zombie (D:4)
2 creatures vanquished.

Grand Total: 405 creatures vanquished

Notes
Turn   | Place    | Note
-------+----------+-------------------------------------------
     0 | D:1      | Sobieck the Oni Warper began the quest for the Orb.
     0 | D:1      | Reached XP level 1. HP: 22/22 MP: 3/3
    46 | D:1      | Reached skill level 3 in Fighting
   137 | D:1      | Reached XP level 2. HP: 31/31 MP: 5/5
   174 | D:1      | Found a faded altar of an unknown god.
   248 | D:1      | Reached XP level 3. HP: 33/37 MP: 6/6
   257 | D:1      | Reached skill level 3 in Maces & Flails
   787 | D:2      | Found a shimmering altar of Xom.
   839 | D:1      | Reached XP level 4. HP: 48/48 MP: 7/7
   948 | D:2      | Noticed Robin
   969 | D:1      | Reached skill level 4 in Fighting
   983 | D:1      | Killed Robin
  1185 | D:2      | Found Zaluw's Antique Armour Boutique.
  1945 | D:2      | Found a runed translucent door.
  1946 | D:2      | Noticed Crazy Yiuf
  2008 | D:2      | Killed Crazy Yiuf
  2009 | D:2      | Reached XP level 5. HP: 52/55 MP: 8/8
  2882 | D:3      | Reached skill level 5 in Fighting
  2912 | D:3      | Reached XP level 6. HP: 66/66 MP: 9/9
  3090 | D:4      | Reached skill level 6 in Maces & Flails
  3090 | D:4      | Reached XP level 7. HP: 66/74 MP: 10/10
  3122 | D:4      | Reached skill level 6 in Fighting
  3767 | D:4      | Found a hide-covered altar of Uskayaw.
  3769 | D:4      | Found a basalt altar of Yredelemnul.
  3930 | D:5      | Entered Level 5 of the Dungeon
  4098 | D:5      | Reached skill level 7 in Fighting
  4126 | D:5      | Reached XP level 8. HP: 87/87 MP: 11/11
  4128 | D:5      | Found a stormy altar of Qazlal.
  4129 | D:5      | Found an ornate altar of the Wu Jian Council.
  4325 | D:5      | Found a runed translucent gate.
  4326 | D:5      | Found a runed translucent gate.
  4326 | D:5      | Noticed scisormetimb3rs's ghost (novice GrFi)
  4328 | D:5      | Found a runed translucent gate.
  4376 | D:5      | Found a staircase to the Ecumenical Temple.
  4421 | Temple   | Entered the Ecumenical Temple
  4445 | Temple   | Became a worshipper of Gozag Ym Sagoz the Greedy
  4896 | D:6      | Found the necklace of Bloodlust {Fury *Rage Will++ Int-3
                  | Slay+6}
  4904 | D:6      | Reached skill level 8 in Fighting
  5029 | D:6      | Noticed Jeremiah
  5102 | D:6      | Killed Jeremiah
  5103 | D:6      | Reached skill level 9 in Maces & Flails
  5215 | D:6      | Found a sacrificial altar of Ru.
  5218 | D:6      | Found a hazy altar of Hepliaklqana.
  5275 | D:6      | Found an ancient bone altar of Kikubaaqudgha.
  5323 | D:6      | Reached XP level 9. HP: 97/97 MP: 12/12
  5474 | D:6      | Reached skill level 9 in Fighting
  6708 | D:8      | Found a staircase to the Lair.
  6715 | D:8      | Found a shimmering altar of Xom.
  6716 | D:8      | Found a shimmering altar of Xom.
  6716 | D:8      | Found a shimmering altar of Xom.
  6716 | D:8      | Found a shimmering altar of Xom.
  6716 | D:8      | Found a shimmering altar of Xom.
  6717 | D:8      | Found a shimmering altar of Xom.
  6747 | D:8      | Reached skill level 10 in Fighting
  6801 | D:8      | Found a shimmering altar of Xom.
  6857 | D:8      | Found a flagged portal.
  6866 | Bailey   | Entered a bailey
  7226 | Bailey   | Reached skill level 11 in Fighting
  7272 | Bailey   | Reached XP level 10. HP: 74/114 MP: 13/13
  7436 | Bailey   | Found the +7 Spriggan's Knife {stab, EV+4 Stlth+}
  7440 | Bailey   | Noticed an orc knight
  7448 | Bailey   | Reached skill level 12 in Fighting
  7448 | Bailey   | Killed an orc knight
  7463 | Bailey   | Reached skill level 9 in Translocations
  7463 | Bailey   | Reached XP level 11. HP: 74/124 MP: 14/14
  7467 | Bailey   | Learned a level 2 spell: Lesser Beckoning
  7472 | Bailey   | Learned a level 4 spell: Manifold Assault
  7630 | Bailey   | Reached skill level 13 in Fighting
  7932 | D:8      | Noticed a two-headed ogre
  7935 | D:8      | Killed a two-headed ogre
  8001 | D:8      | Found The Oracle's Delphic Readings.
  8338 | D:8      | Noticed a two-headed ogre
  8342 | D:8      | Killed a two-headed ogre
  8343 | D:8      | Reached skill level 14 in Fighting
  8547 | D:8      | Found a broken altar of Ashenzari.
  8849 | D:9      | Reached skill level 1 in Evocations
  9501 | D:9      | Reached skill level 3 in Dodging
  9637 | D:9      | Noticed a two-headed ogre
  9637 | D:9      | Noticed a centaur warrior
  9637 | D:9      | Noticed a cyclops
  9939 | D:10     | Entered Level 10 of the Dungeon
  9984 | D:10     | Reached skill level 1 in Air Magic
 10084 | D:10     | Noticed an obsidian statue
 10174 | D:10     | Killed an obsidian statue
 10175 | D:10     | Reached XP level 12. HP: 140/140 MP: 6/15
 10258 | D:10     | Found a white marble altar of Elyvilon.
 10258 | D:10     | Found a glowing silver altar of Zin.
 10261 | D:10     | Found a glowing golden altar of the Shining One.
 10325 | D:10     | Noticed Fannar
 10344 | D:10     | Killed Fannar
 11277 | D:11     | Reached skill level 3 in Evocations
 11332 | D:11     | Noticed a centaur warrior
 11332 | D:11     | Noticed a boulder beetle
 11332 | D:11     | Noticed a two-headed ogre
 11386 | D:10     | Killed a two-headed ogre
 11465 | D:11     | Killed a centaur warrior
 11466 | D:11     | Reached skill level 15 in Fighting
 11466 | D:11     | Reached skill level 3 in Air Magic
 11525 | D:11     | Learned a level 4 spell: Vhi's Electric Charge
 11542 | D:11     | Killed a boulder beetle
 11613 | D:10     | Identified the +6 chain mail of the Bedazzled God {rElec
                  | rCorr Str+10 Stlth-}
 11617 | D:10     | Identified the ring of Coronation {rPois rCorr Str-4 Int+3
                  | SInv}
 11967 | D:11     | Reached skill level 12 in Maces & Flails
 12215 | D:11     | Identified the ring of Aptig {rC+ Will- EV+5 Str+3 Dex+3}
 12882 | D:11     | Noticed a catoblepas
 12896 | D:11     | Killed a catoblepas
 13275 | D:12     | Noticed a two-headed ogre
 13284 | D:12     | Killed a two-headed ogre
 13285 | D:12     | Reached XP level 13. HP: 73/150 MP: 8/16
 13356 | D:12     | Found a staircase to the Orcish Mines.
 13415 | Orc:1    | Entered Level 1 of the Orcish Mines
 13970 | Orc:1    | Found a bloodstained altar of Trog.
 14168 | Orc:2    | Entered Level 2 of the Orcish Mines
 14168 | Orc:2    | Found a staircase to the Elven Halls.
 14168 | Orc:2    | Found Ocso's Book Shoppe.
 14355 | Orc:2    | Reached skill level 6 in Dodging
 15265 | Orc:2    | Found a transporter.
 15273 | Orc:2    | Reached skill level 16 in Fighting
 15295 | Orc:2    | Found Poqiyvol's Overcharged Wands.
 15311 | Orc:2    | Noticed mdonais's ghost (journeyman OpWn)
 15435 | Orc:2    | Found a transporter.
 15742 | Orc:2    | Killed from afar by a kobold blastminer

Illustrated notes

Levels and vault maps discovered:
D:1:      erik_arrival_blinker_ship, layout_basic, shapermc_ecumenical_altar_gd
D:2:      minmay_skewed_foursquare, layout_basic, basic_altar, serial_shops,
          shop, chequers_arboretum, uniq_crazy_yiuf_cottage, uniq_robin
D:3:      layout_basic
D:4:      layout_cave_pools, minitemple, minivault_5, grunt_ministairs_1,
          pf_guarded_unrand_woodcutter
D:5:      layout_basic, mainiacjoe_overflow_catwalk_spiral,
          minmay_temple_entry_grid, gammafunk_ghost_nasty_kobolds
D:6:      layout_cave_pools, grunt_temple_overflow_open, nicolae_hexahallways,
          uniq_jeremiah
D:7:      layout_loops_cross
D:8:      layout_cave_pools, old_standard_altar, xom_shifter_show,
          lair_entry_dummy, enter_bailey_6, nicolae_nh_oracle_at_delphi
D:9:      layout_gridville, lightli_corner_chamber
D:10:     statuecave_lemuel, layout_loops_ring, dreamdust_divine_triumvirate,
          minivault_15, uniq_fannar
D:11:     nzn_motion_control, layout_basic,
          minmay_the_grid_square_5x5_3x3_mashed
          [minmay_the_grid_square_5x5_three_walls,
          minmay_the_grid_square_5x5_beaten_path,
          minmay_the_grid_square_5x5_inverted_slash,
          minmay_the_grid_square_5x5_two_walls_a,
          minmay_the_grid_square_5x5_megaprize_diamond,
          minmay_the_grid_square_5x5_spiral_small,
          minmay_the_grid_square_5x5_inner_i, minmay_the_grid_square_5x5_empty,
          minmay_the_grid_square_5x5_fat_x]
D:12:     layout_loops_corners, minmay_orc_entry_guard_dogs,
          kennysheep_big_empty_room
Temple:   dpeg_chambers_temple
Orc:1:    nicolae_orc_accident_1, layout_caves, basic_altar
Orc:2:    grunt_orc_community_town_hall, layout_caves,
          grunt_orc_community_big_house_1, grunt_orc_community_big_house_2,
          grunt_orc_community_house_2, grunt_orc_community_house_3,
          grunt_orc_community_house_3, grunt_orc_community_house_3,
          gammafunk_ghost_arena, serial_shops, nicolae_book_shop_shelving,
          gauntlet_entry_generic, nicolae_shop_overcharged_wands

Skill      XL: |  1  2  3  4  5  6  7  8  9 10 11 12 13 |
---------------+----------------------------------------+-----
Fighting       | 3 4 5 7 8 11 12 14 15 16 | 16.0
Maces & Flails | 3 4 5 6 7 9 11 12 | 12.6
Translocations | 9 10 | 10.0
Evocations     | 2 4 5 |  5.1
Dodging        | 3 5 6 |  6.2
Air Magic      | 1 4 |  4.0
Throwing       | |  1.0
Spellcasting   | |  2.4

Action                     |  1- 3 |  4- 6 |  7- 9 | 10-12 | 13-15 || total
---------------------------+-------+-------+-------+-------+-------++-------
  Melee: Mace              |   112 |    97 |       |       |       ||   209
         Headbutt          |     8 |    21 |    39 |    40 |    38 ||   146
         Punch             |     1 |     1 |       |       |       ||     2
         Quarterstaff      |       |    88 |    47 |       |       ||   135
         Battleaxe         |       |       |   189 |   152 |    45 ||   386
         Giant spiked club |       |       |       |   198 |   194 ||   392
  Throw: Stone             |       |       |       |     2 |       ||     2
   Cast: Manifold Assault  |       |       |       |    54 |    42 ||    96
         Lesser Beckoning  |       |       |       |     4 |       ||     4
 Invoke: Potion Petition   |       |       |       |     1 |     1 ||     2
    Use: Scroll            |       |    10 |     6 |     9 |       ||    25
         Potion            |       |     1 |     1 |     5 |     1 ||     8
   Stab: Confused          |       |     1 |       |       |       ||     1
         Sleeping          |       |       |     2 |       |       ||     2
         Distracted        |       |       |       |     3 |       ||     3
         Invisible         |       |       |       |     1 |       ||     1
 Armour: Robe              |    90 |   142 |   186 |   332 |   180 ||   930
  Dodge: Dodged            |    81 |   107 |   106 |   138 |    96 ||   528
